[Event "Titled Tuesday Blitz August 15 Early 2023"]
[White "Przybylski, Wojciech"]
[Black "Herman, Daniel"]
[WhiteFideId "1117599"]
[BlackFideId "30935008"]
[WhiteElo "2574"]
[BlackElo "2449"]
[Result "0-1"]
[Round "10"]
[TimeControl "180+1"]
[Date "2023.08.15"]
[WhiteClock "0:00:14"]
[BlackClock "0:00:10"]
[Board "68"]

1. e4 e5 2. Nf3 Nc6 3. d4 exd4 4. Nxd4 Nf6 5. Nxc6 bxc6 6. e5 Qe7 7. Qe2 Nd5 8. c4 Ba6 9. Qe4 Nb6 10. Nc3 O-O-O 11. c5 Bxf1 12. cxb6 Ba6 13. bxa7 Kb7 14. Be3 Qb4 15. O-O-O d5 16. exd6 Bxd6 17. Rd4 Qa5 18. Rhd1 Rhe8 19. Qh4 h6 20. h3 f5 21. Ra4 Qe5 22. Kb1 Be7 23. Rxd8 Rxd8 24. Qf4 Qxf4 25. Bxf4 Bd6 26. Be3 c5 27. g4 fxg4 28. Rxg4 Be5 29. Rg6 Bd3+ 30. Kc1 Bxg6 31. Nb5 Bd4 32. Bf4 Ra8 33. a4 Bxf2 34. Bxc7 Bd3 35. Bb8 Bxb5 36. axb5 Rxa7 37. Bxa7 Kxa7 38. Kd2 Kb6 39. Ke2 Bd4 40. b3 Kxb5 41. Kd3 Kb4 42. h4 g6 43. Ke4 Kxb3 44. Kd5 Bf2 45. Ke4 Bxh4 46. Kf3 Bf6 47. Kg4 c4 48. Kf4 c3 49. Ke4 c2 50. Kd5 c1=Q 51. Ke6 Qc6+ 52. Kf7 Bc3 53. Kg8 Qd7 54. Kf8 h5 0-1


[Site "https://www.chess.com"]

[Event "Titled Tuesday Blitz August 15 Early 2023"]
[White "Onufrienko, Vladislav"]
[Black "ExchangeAB"]
[WhiteFideId "13804332"]
[WhiteElo "2574"]
[BlackElo "2437"]
[Result "1-0"]
[Round "10"]
[TimeControl "180+1"]
[Date "2023.08.15"]
[WhiteClock "0:00:13"]
[BlackClock "0:00:00"]
[Board "69"]

1. e4 c6 2. d4 d5 3. e5 Bf5 4. Nf3 e6 5. Be2 Ne7 6. O-O h6 7. Be3 Nd7 8. Nbd2 g5 9. Re1 Bg7 10. Nf1 O-O 11. Ng3 Bg6 12. Bd3 b6 13. h4 g4 14. Nh2 h5 15. Bg5 c5 16. c3 Rc8 17. Nhf1 Re8 18. Ne2 Qc7 19. Nf4 Nf5 20. Ng3 Nxg3 21. fxg3 Nf8 22. Rf1 a6 23. Kh2 b5 24. Bxg6 fxg6 25. Qd3 cxd4 26. cxd4 Qc2 27. Rac1 Qxd3 28. Nxd3 Rc4 29. Be3 Rec8 30. Nc5 Rc6 31. b3 Rxc1 32. Bxc1 Nh7 33. Be3 Bf8 34. Nd3 Be7 35. Rc1 Rxc1 36. Bxc1 Kf7 37. Bd2 Nf8 38. Bb4 Nd7 39. Kg1 Nb8 40. Kf2 Nc6 41. Bc3 g5 42. hxg5 Bxg5 43. Nc5 b4 44. Bb2 a5 45. Ke2 h4 46. gxh4 Bxh4 47. Kd3 Bf2 48. Nb7 Ke7 49. Nd6 Kd7 50. Nf7 g3 51. Nh6 Bg1 52. Ng4 Bf2 53. Nf6+ Ke7 54. Nh5 Kf7 55. Nf4 Ne7 56. a3 bxa3 57. Bxa3 Nf5 58. Bb2 Nh4 59. Bc3 a4 60. bxa4 Ke7 61. a5 Kd7 62. a6 Kc6 63. Ba5 Bg1 64. Nxe6 Nxg2 65. Nd8+ Kd7 66. a7 Nf4+ 67. Kc2 Bxd4 68. a8=Q 1-0


[Site "https://www.chess.com"]

[Event "Titled Tuesday Blitz August 15 Early 2023"]
[White "Vafin, Ayrat"]
[Black "Sreyas Payyappat"]
[WhiteFideId "4146530"]
[BlackFideId "46674969"]
[WhiteElo "2423"]
[BlackElo "2570"]
[Result "1-0"]
[Round "10"]
[TimeControl "180+1"]
[Date "2023.08.15"]
[WhiteClock "0:00:33"]
[BlackClock "0:01:36"]
[Board "70"]

1. Nf3 Nf6 2. g3 c5 3. Bg2 Nc6 4. d4 cxd4 5. Nxd4 g6 6. Nxc6 bxc6 7. c4 Bg7 8. Nc3 O-O 9. O-O Bb7 10. Qc2 d5 11. Na4 e5 12. Nc5 Bc8 13. Bg5 Qd6 14. cxd5 cxd5 15. Rad1 Bf5 16. e4 Rac8 17. b4 a5 18. Bxf6 Bxf6 19. exf5 axb4 20. Rxd5 Qb6 21. Nd7 Rxc2 22. Nxb6 Rxa2 23. Nd7 Bg7 24. Nxf8 Kxf8 25. fxg6 hxg6 26. Rb5 Rb2 27. Bd5 f5 28. Rb7 Bh8 29. Rc1 1-0


[Site "https://www.chess.com"]

[Event "Titled Tuesday Blitz August 15 Early 2023"]
[White "Toncheva, Nadya"]
[Black "Rietze, Clemens, Dr."]
[WhiteFideId "2924056"]
[BlackFideId "24620351"]
[WhiteElo "2566"]
[BlackElo "2422"]
[Result "1-0"]
[Round "10"]
[TimeControl "180+1"]
[Date "2023.08.15"]
[WhiteClock "0:00:58"]
[BlackClock "0:00:36"]
[Board "71"]

1. d4 Nf6 2. c4 g6 3. Nc3 Bg7 4. e4 d6 5. f4 O-O 6. Nf3 Na6 7. Bd3 e5 8. fxe5 dxe5 9. d5 Nc5 10. Bg5 h6 11. Bh4 g5 12. Bf2 Nxd3+ 13. Qxd3 Nh5 14. g3 f5 15. Bc5 Rf7 16. O-O-O b6 17. Ba3 fxe4 18. Nxe4 Bf5 19. Qe3 Nf6 20. Nfd2 Ng4 21. Qe2 b5 22. Rhf1 bxc4 23. Rxf5 Rxf5 24. Qxg4 Rf7 25. Nxc4 Bf8 26. Nxe5 Bxa3 27. Nxf7 Bxb2+ 28. Kxb2 Kxf7 29. Qe6+ Kg7 30. Rf1 Rb8+ 31. Kc2 Rb6 32. Rf7+ Kh8 33. Nf6 1-0


[Site "https://www.chess.com"]

[Event "Titled Tuesday Blitz August 15 Early 2023"]
[White "Eynullayev, Altay"]
[Black "Namitbir Singh Walia"]
[WhiteFideId "13413562"]
[BlackFideId "35071068"]
[WhiteElo "2557"]
[BlackElo "2420"]
[Result "1-0"]
[Round "10"]
[TimeControl "180+1"]
[Date "2023.08.15"]
[WhiteClock "0:00:35"]
[BlackClock "0:00:10"]
[Board "72"]

1. e4 c5 2. Nf3 Nc6 3. Bb5 e6 4. O-O g6 5. c3 Bg7 6. d4 cxd4 7. cxd4 d5 8. Nc3 dxe4 9. Nxe4 Ne7 10. Bg5 Qa5 11. Nd6+ Kf8 12. Re1 Nf5 13. Nxf5 gxf5 14. Bc4 h6 15. Bf4 Bd7 16. d5 Nd8 17. Be5 Rg8 18. Bd6+ Ke8 19. Nd4 Qb6 20. Nxf5 Bxb2 21. Rb1 Rc8 22. Bb3 Bc3 23. dxe6 Bxe1 24. exf7+ Nxf7 25. Qxe1+ 1-0


[Site "https://www.chess.com"]

[Event "Titled Tuesday Blitz August 15 Early 2023"]
[White "Kozelov, Roman"]
[Black "Yelisieiev, Yevhenii"]
[WhiteFideId "14133377"]
[BlackFideId "14139642"]
[WhiteElo "2418"]
[BlackElo "2556"]
[Result "0-1"]
[Round "10"]
[TimeControl "180+1"]
[Date "2023.08.15"]
[WhiteClock "0:00:00"]
[BlackClock "0:00:10"]
[Board "73"]

1. e4 d6 2. d4 Nf6 3. Nc3 e5 4. dxe5 dxe5 5. Qxd8+ Kxd8 6. Bg5 c6 7. Nf3 Nd7 8. O-O-O Kc7 9. Bc4 Ng4 10. Bh4 f6 11. h3 Nh6 12. Ne1 b5 13. Bb3 Nc5 14. Nd3 a5 15. a4 Nxb3+ 16. cxb3 bxa4 17. Nxa4 Nf7 18. Bg3 Rb8 19. Ndc5 Rb5 20. Nd3 Rxb3 21. f4 Bd6 22. fxe5 Nxe5 23. Bxe5 fxe5 24. Rhf1 Rd8 25. Nac5 Rb5 26. Rf7+ Kb8 27. Na4 Bf8 28. Nf2 Rxd1+ 29. Nxd1 Bd6 30. Rxg7 Rb7 31. Rg8 Kc7 32. Ne3 Be6 33. Rh8 Rb4 34. Rxh7+ Kb8 35. Nc3 Bc5 36. Nf5 a4 37. Rh6 Bd7 38. Rh7 Kc8 39. Ne7+ Kd8 40. Ng6 Bd4 41. Rh5 a3 42. bxa3 Rc4 43. Nxe5 Rxc3+ 44. Kd2 Bxe5 45. Rxe5 Rg3 46. Ra5 Rxg2+ 47. Kd3 Rg3+ 48. Kd4 Rxh3 49. Ra7 Ke7 50. a4 Ra3 51. a5 Kd6 52. e5+ Ke6 53. a6 Ra5 54. Ra8 c5+ 55. Kc4 Bc6 0-1


[Site "https://www.chess.com"]

[Event "Titled Tuesday Blitz August 15 Early 2023"]
[White "Fuzesabonyilaci"]
[Black "Jaskolka, Tomasz"]
[BlackFideId "1170791"]
[WhiteElo "2409"]
[BlackElo "2555"]
[Result "1/2-1/2"]
[Round "10"]
[TimeControl "180+1"]
[Date "2023.08.15"]
[WhiteClock "0:00:08"]
[BlackClock "0:01:11"]
[Board "74"]

1. d4 d5 2. c4 e5 3. dxe5 d4 4. Nf3 Nc6 5. a3 a5 6. e3 Bc5 7. exd4 Bxd4 8. Nxd4 Qxd4 9. Qxd4 Nxd4 10. Kd1 Bf5 11. Nd2 Bc2+ 12. Ke1 Bg6 13. Ra2 Ne7 14. b3 O-O 15. g3 Nec6 16. f4 f6 17. exf6 Rae8+ 18. Kf2 Rxf6 19. Bb2 Rfe6 20. Bxd4 Nxd4 21. g4 Bc2 22. Nf3 Bxb3 23. Nxd4 Bxa2 24. Nxe6 Rxe6 25. Bg2 Bxc4 26. Bxb7 Rb6 27. Rc1 Rb2+ 28. Kg3 Rxb7 29. Rxc4 Rb3+ 30. Kh4 Rxa3 31. Rxc7 Ra2 32. h3 a4 33. Ra7 a3 34. Kg5 Ra1 35. h4 a2 36. h5 h6+ 37. Kg6 Kf8 38. Ra8+ Ke7 39. Kxg7 Rg1 40. Rxa2 Rxg4+ 41. Kxh6 Rxf4 42. Kg5 Rf1 43. h6 Rg1+ 44. Kh5 Kf7 45. Ra7+ Kg8 46. Ra8+ Kh7 47. Ra7+ Kh8 48. Rb7 Rh1+ 49. Kg6 Rg1+ 50. Kh5 Rh1+ 51. Kg6 Rg1+ 52. Kh5 1/2-1/2


[Site "https://www.chess.com"]

[Event "Titled Tuesday Blitz August 15 Early 2023"]
[White "Vasques, Antonio Pedro Freixial"]
[Black "Souleidis, Georgios"]
[WhiteFideId "1908332"]
[BlackFideId "4206827"]
[WhiteElo "2384"]
[BlackElo "2554"]
[Result "1-0"]
[Round "10"]
[TimeControl "180+1"]
[Date "2023.08.15"]
[WhiteClock "0:00:32"]
[BlackClock "0:00:00"]
[Board "75"]

1. e4 c5 2. Nc3 e6 3. Nf3 Nc6 4. d4 cxd4 5. Nxd4 Nf6 6. Ndb5 Bc5 7. Bf4 O-O 8. Bd6 Qb6 9. Bxc5 Qxc5 10. Qd6 Qb6 11. O-O-O a6 12. Nd4 Ne8 13. Na4 Qa5 14. Nxc6 bxc6 15. Qa3 d5 16. b3 Nf6 17. Qc5 Qc7 18. Nc3 Qf4+ 19. Qe3 Qxe3+ 20. fxe3 Ng4 21. Re1 Bb7 22. h3 Ne5 23. g4 c5 24. exd5 exd5 25. Bg2 Rfd8 26. Rd1 Kf8 27. Rhf1 Rd7 28. Bxd5 Bxd5 29. Nxd5 Rad8 30. c4 Ng6 31. Kc2 Ne5 32. Kc3 Ke8 33. Rf5 f6 34. Rdf1 Nf7 35. h4 Nd6 36. R5f4 h6 37. g5 1-0


[Site "https://www.chess.com"]

[Event "Titled Tuesday Blitz August 15 Early 2023"]
[White "Postlmayer, Jakob"]
[Black "Bashirli, Saadat"]
[WhiteFideId "1643622"]
[BlackFideId "13429990"]
[WhiteElo "2551"]
[BlackElo "2373"]
[Result "1-0"]
[Round "10"]
[TimeControl "180+1"]
[Date "2023.08.15"]
[WhiteClock "0:00:15"]
[BlackClock "0:00:09"]
[Board "76"]

1. d4 Nf6 2. c4 g6 3. Nc3 Bg7 4. e4 d6 5. f3 O-O 6. Be3 c6 7. Qd2 a6 8. h4 h5 9. O-O-O b5 10. Bg5 bxc4 11. Bxc4 Qb6 12. e5 dxe5 13. dxe5 Nd5 14. Bxd5 cxd5 15. Bxe7 Re8 16. Nxd5 Qc6+ 17. Qc3 Bxe5 18. Qxc6 Nxc6 19. Nf6+ Bxf6 20. Bxf6 Bf5 21. Bc3 Rac8 22. Nh3 Re2 23. Rd2 Rce8 24. Nf4 Rxd2 25. Kxd2 Rd8+ 26. Ke3 Kf8 27. Re1 a5 28. a3 a4 29. Kf2 Rb8 30. Rd1 Ke7 31. Rd5 Be6 32. Rd2 Rb5 33. Re2 Nd8 34. Re4 Nb7 35. Nxe6 fxe6 36. Rxa4 Nc5 37. Rd4 e5 38. Rd5 Kf6 39. Ke3 Ke6 40. Rxe5+ Kf6 41. b4 Na4 42. Rxb5+ Nxc3 43. Ra5 Na2 44. Kd2 Nc3 1-0


[Site "https://www.chess.com"]

[Event "Titled Tuesday Blitz August 15 Early 2023"]
[White "rionelG"]
[Black "Nguyen Hong Anh"]
[BlackFideId "12406732"]
[WhiteElo "2355"]
[BlackElo "2551"]
[Result "1-0"]
[Round "10"]
[TimeControl "180+1"]
[Date "2023.08.15"]
[WhiteClock "0:00:45"]
[BlackClock "0:00:06"]
[Board "77"]

1. e4 c5 2. g3 g6 3. Bg2 Bg7 4. Ne2 Nf6 5. c3 O-O 6. d4 cxd4 7. cxd4 d5 8. e5 Ne8 9. Nbc3 e6 10. O-O f6 11. f4 Nc6 12. Be3 fxe5 13. dxe5 b6 14. Qd2 Ne7 15. Bf2 Ba6 16. Rfd1 Rc8 17. Rac1 Nc7 18. Nd4 Qd7 19. g4 Nb5 20. Ncxb5 Bxb5 21. Bh4 Ba6 22. Bxe7 Qxe7 23. Nxe6 Kh8 24. Bxd5 Qh4 25. Qg2 Rfe8 26. Nc7 Red8 27. Nxa6 Rxc1 28. Rxc1 Rxd5 29. Qxd5 Qxg4+ 30. Kh1 Bh6 31. Rc8+ Qxc8 32. Qd4 Qc1+ 33. Kg2 Qc6+ 34. Kg3 Qc8 35. e6+ Bg7 36. Qd7 Qxa6 37. Qd8+ Bf8 38. Qxf8# 1-0


[Site "https://www.chess.com"]

[Event "Titled Tuesday Blitz August 15 Early 2023"]
[White "Mikhaylova, Irina"]
[Black "Degenbaev, Aziz"]
[WhiteFideId "4109040"]
[BlackFideId "13802640"]
[WhiteElo "2332"]
[BlackElo "2548"]
[Result "1/2-1/2"]
[Round "10"]
[TimeControl "180+1"]
[Date "2023.08.15"]
[WhiteClock "0:00:13"]
[BlackClock "0:00:06"]
[Board "78"]

1. d4 Nf6 2. Nf3 g6 3. c4 Bg7 4. Nc3 O-O 5. e4 d6 6. Be2 e5 7. dxe5 dxe5 8. Qxd8 Rxd8 9. Bg5 Re8 10. Nd5 Nxd5 11. cxd5 c6 12. Bc4 cxd5 13. Bxd5 Nd7 14. Nd2 h6 15. Be3 Nf6 16. Bb3 b6 17. f3 Ba6 18. Rc1 Rac8 19. Kf2 Red8 20. Rhd1 Kf8 21. Nf1 Rxd1 22. Rxc8+ Bxc8 23. Bxd1 Nd7 24. Nd2 f5 25. Ke1 Ke7 26. Bc2 f4 27. Bf2 g5 28. h3 h5 29. Nb1 Nf6 30. Nc3 g4 31. hxg4 hxg4 32. Bb3 g3 33. Bg1 Bd7 34. Nd5+ Nxd5 35. Bxd5 Kd6 36. Bc4 Kc7 37. Kd2 Bf8 38. Kc3 Bc5 39. Bxc5 bxc5 40. b4 Kb6 41. a3 a5 42. bxc5+ Kxc5 43. Bf1 Be6 44. Be2 Ba2 45. Bf1 Be6 46. Be2 Bd7 47. Bf1 a4 48. Bc4 Bc6 49. Bd3 Bb5 50. Bxb5 Kxb5 51. Kd3 Kc5 52. Kc3 Kb5 53. Kd3 Kc5 54. Kc3 Kb5 1/2-1/2


[Site "https://www.chess.com"]

[Event "Titled Tuesday Blitz August 15 Early 2023"]
[White "Karamsetty, Jeevan"]
[Black "EvgenyBurmakin"]
[WhiteFideId "2025337"]
[WhiteElo "2547"]
[BlackElo "2308"]
[Result "1-0"]
[Round "10"]
[TimeControl "180+1"]
[Date "2023.08.15"]
[WhiteClock "0:00:12"]
[BlackClock "0:00:00"]
[Board "79"]

1. e4 c5 2. c3 Nf6 3. e5 Nd5 4. d4 e6 5. Nf3 d6 6. exd6 Bxd6 7. Bb5+ Bd7 8. Bxd7+ Nxd7 9. O-O cxd4 10. Nxd4 O-O 11. Nd2 a6 12. Ne4 Bxh2+ 13. Kxh2 Qh4+ 14. Kg1 Qxe4 15. Qh5 N7f6 16. Qh3 Rad8 17. Bg5 h6 18. Bh4 Rd7 19. f3 Qg6 20. Rae1 Nf4 21. Qh2 Nd3 22. Re2 Nd5 23. Bg3 Re8 24. Rd1 b5 25. Nc6 f6 26. Nd4 e5 27. Qh3 exd4 28. Qxd7 Rxe2 29. Qxd5+ Kh7 30. Qxd4 Nxb2 31. Rd2 Rxd2 32. Qxd2 Qxg3 33. Qxb2 Qe1+ 34. Kh2 Qh4+ 35. Kg1 Qe1+ 36. Kh2 h5 37. Qc2+ Kh6 38. g3 h4 39. gxh4 Qxh4+ 40. Kg2 Qg5+ 41. Kf2 Qc5+ 42. Kg2 b4 43. Qd2+ Kh7 44. cxb4 1-0


[Site "https://www.chess.com"]

[Event "Titled Tuesday Blitz August 15 Early 2023"]
[White "Womacka, Mathias"]
[Black "Weetik, Vjacheslav"]
[WhiteFideId "4611390"]
[BlackFideId "4153472"]
[WhiteElo "2459"]
[BlackElo "2708"]
[Result "1/2-1/2"]
[Round "10"]
[TimeControl "180+1"]
[Date "2023.08.15"]
[WhiteClock "0:00:08"]
[BlackClock "0:00:05"]
[Board "80"]

1. e4 c6 2. d4 d5 3. Nd2 dxe4 4. Nxe4 Bf5 5. Ng3 Bg6 6. h4 h6 7. Nf3 e6 8. Ne5 Bh7 9. Bd3 Bxd3 10. Qxd3 Nd7 11. f4 Be7 12. Bd2 Nxe5 13. fxe5 Bxh4 14. O-O-O Bxg3 15. Qxg3 Ne7 16. Qxg7 Rg8 17. Qxh6 Qd5 18. Kb1 O-O-O 19. Qf6 Nf5 20. Rh7 Rd7 21. Rxf7 Rxf7 22. Qxf7 Rxg2 23. Bc3 a5 24. b3 a4 25. Kb2 a3+ 26. Kb1 Kb8 27. Qf8+ Kc7 28. Qxa3 Qe4 29. Rd3 Qe2 30. Qa5+ Kd7 31. Rd2 Qe1+ 32. Kb2 Rxd2 33. Bxd2 Qe4 34. Bc3 Nxd4 35. Bxd4 Qxd4+ 36. Qc3 Qf4 37. Qd3+ Kc7 38. Qd6+ Kb6 39. Qxe6 Qd4+ 40. Ka3 Qc5+ 41. b4 Qc3+ 42. Qb3 Qxe5 43. Qd3 Qa1 44. Kb3 Qb1+ 45. Kc3 Qxa2 46. Qd4+ Ka6 47. Qc4+ Qxc4+ 48. Kxc4 Kb6 49. c3 Kc7 50. Kc5 b6+ 51. Kd4 Kd6 52. c4 b5 53. cxb5 cxb5 54. Ke4 Ke6 55. Kd4 Kd6 56. Ke4 Ke6 57. Kd4 Kd6 1/2-1/2


[Site "https://www.chess.com"]

[Event "Titled Tuesday Blitz August 15 Early 2023"]
[White "Dong Khanh Linh"]
[Black "Starozhilov, Leonid"]
[WhiteFideId "12403040"]
[BlackFideId "14106752"]
[WhiteElo "2457"]
[BlackElo "2674"]
[Result "0-1"]
[Round "10"]
[TimeControl "180+1"]
[Date "2023.08.15"]
[WhiteClock "0:00:01"]
[BlackClock "0:00:09"]
[Board "81"]

1. d4 g6 2. Nf3 Bg7 3. Nbd2 d6 4. e4 Nf6 5. c3 O-O 6. Bd3 c5 7. O-O cxd4 8. cxd4 Bg4 9. h3 Bxf3 10. Nxf3 Nc6 11. Be3 Nd7 12. a3 Qb6 13. d5 Nd4 14. Bxd4 Bxd4 15. Nxd4 Qxd4 16. Bb5 Qxd1 17. Rfxd1 Nf6 18. Bd3 Rfc8 19. Rac1 a6 20. f4 Nd7 21. b4 Kg7 22. Kf2 a5 23. Ke3 axb4 24. axb4 Nb6 25. Rxc8 Rxc8 26. Kd4 h5 27. h4 e6 28. dxe6 fxe6 29. e5 Rd8 30. exd6 Rxd6+ 31. Ke5 Nc4+ 32. Ke4 Nb2 33. Rd2 Nxd3 34. Rxd3 Rb6 35. Rd4 Kf6 36. g3 Rc6 37. b5 Rc5 38. b6 Rc6 39. Rb4 Rc3 40. Rd4 Rb3 41. Rd8 Rxb6 42. Rf8+ Kg7 43. Rc8 Rb3 44. Ke5 Re3+ 45. Kd6 Rxg3 46. Kxe6 Re3+ 47. Kd5 Rh3 48. Rc7+ Kf6 49. Rxb7 Rxh4 50. Ke4 g5 51. Rb6+ Kf7 52. Rb7+ Ke6 53. Rb6+ Kd7 54. Rf6 g4 55. Rh6 Rh1 56. f5 Ke7 57. Kf4 Rf1+ 58. Ke5 g3 59. Rh7+ Kf8 60. Kf6 Ke8 61. Rh8+ Kd7 62. Rh7+ Kd6 63. Rxh5 g2 64. Rg5 g1=Q 65. Rxg1 Rxg1 66. Kf7 Rf1 67. f6 Ke5 0-1


[Site "https://www.chess.com"]

[Event "Titled Tuesday Blitz August 15 Early 2023"]
[White "Deng, Henry"]
[Black "slidingknight2775"]
[WhiteFideId "30965454"]
[WhiteElo "2560"]
[BlackElo "2454"]
[Result "0-1"]
[Round "10"]
[TimeControl "180+1"]
[Date "2023.08.15"]
[WhiteClock "0:00:44"]
[BlackClock "0:00:40"]
[Board "82"]

1. e4 c5 2. Nc3 Nc6 3. Bb5 Nd4 4. Nf3 a6 5. Bd3 Nc6 6. O-O d6 7. Bc4 Nf6 8. d4 cxd4 9. Nxd4 e6 10. a3 Be7 11. Be3 O-O 12. Qe2 Qc7 13. Rad1 Bd7 14. Ba2 Nxd4 15. Bxd4 Bc6 16. e5 dxe5 17. Bxe5 Qa5 18. Rd2 Rfd8 19. Rfd1 Rxd2 20. Rxd2 Rd8 21. Rxd8+ Qxd8 22. h3 h6 23. Qe3 Nd7 24. Bd4 Bf6 25. Bxf6 Qxf6 26. Qg3 Ne5 27. Ne2 Ng6 28. c3 Qe5 29. Qxe5 Nxe5 30. Nd4 Bd7 31. Kf1 Nd3 32. b4 Kf8 33. Ke2 Nc1+ 34. Kd2 Nxa2 35. Kc2 e5 36. Nb3 Ba4 37. Kb2 Bxb3 38. Kxb3 Nc1+ 39. Kc2 Ne2 40. g3 Ng1 41. h4 Nf3 42. Kd3 f5 43. Kc4 Ke7 44. Kc5 Kd7 45. Kb6 Kc8 46. c4 g5 47. hxg5 hxg5 48. Kc5 Kc7 49. Kd5 e4 50. a4 Nd2 51. c5 f4 52. gxf4 gxf4 53. Kd4 Kc6 54. Kc3 e3 55. fxe3 fxe3 56. Kd3 Nc4 57. Ke2 Nb2 58. Kxe3 Nxa4 59. Kd4 Kb5 60. c6 Kxc6 0-1


[Site "https://www.chess.com"]

[Event "Titled Tuesday Blitz August 15 Early 2023"]
[White "Sanhueza, Cristian"]
[Black "Gontcharov, Vladislav"]
[WhiteFideId "116815"]
[BlackFideId "4123492"]
[WhiteElo "2431"]
[BlackElo "2538"]
[Result "0-1"]
[Round "10"]
[TimeControl "180+1"]
[Date "2023.08.15"]
[WhiteClock "0:00:05"]
[BlackClock "0:00:50"]
[Board "83"]

1. e4 e6 2. d4 d5 3. Nd2 Be7 4. Ngf3 Nf6 5. Bd3 c5 6. dxc5 O-O 7. Qe2 a5 8. a4 Na6 9. exd5 exd5 10. Nb3 Nxc5 11. Nxc5 Bxc5 12. O-O Re8 13. Qd1 Bg4 14. h3 Bh5 15. Bg5 Qb6 16. b3 Ne4 17. Bh4 g5 18. g4 gxh4 19. gxh5 Nxf2 20. Rxf2 Bxf2+ 21. Kh1 Qe3 22. Bf1 Rad8 23. Bg2 d4 24. Qf1 d3 25. cxd3 Rxd3 26. Rd1 Rxd1 27. Qxd1 Rc8 28. Nd2 Qe1+ 29. Qxe1 Bxe1 30. Nc4 Rc7 31. Kg1 Bb4 32. Kf1 Re7 33. Bd5 Kg7 34. Kf2 Bc5+ 35. Kf3 b6 36. Kf4 Re2 37. Kg4 Rc2 38. h6+ Kxh6 39. Bxf7 Rc3 40. Ne5 Be7 41. Nf3 Kg7 42. Bc4 Bf6 43. Ng1 Rg3+ 0-1


[Site "https://www.chess.com"]

[Event "Titled Tuesday Blitz August 15 Early 2023"]
[White "Gheorghiu, Calin"]
[Black "Grossboss19"]
[WhiteFideId "1200305"]
[WhiteElo "2420"]
[BlackElo "2535"]
[Result "0-1"]
[Round "10"]
[TimeControl "180+1"]
[Date "2023.08.15"]
[WhiteClock "0:00:00"]
[BlackClock "0:00:18"]
[Board "84"]

1. e4 c5 2. Nf3 a6 3. c3 d5 4. exd5 Qxd5 5. d4 e6 6. Be3 Nd7 7. c4 Qd6 8. d5 exd5 9. cxd5 Ngf6 10. Nc3 b5 11. Bxb5 axb5 12. Nxb5 Qb6 13. Qe2 Nxd5 14. O-O-O N7f6 15. Bxc5+ Qe6 16. Qc4 Bxc5 17. Rhe1 O-O 18. Rxe6 Bxe6 19. Qh4 Rfc8 20. Kb1 Bf5+ 21. Ka1 Nb4 22. a3 Nc2+ 23. Ka2 Be6+ 24. Kb1 Rab8 25. Nc3 Nxa3+ 26. Kc1 Nb5 27. Ng5 Nxc3 28. bxc3 Bf5 29. Rd4 Bxd4 30. Qxd4 h6 31. Nf3 Rb1+ 32. Kd2 Rb2+ 33. Ke3 Re8+ 34. Kf4 Re4+ 0-1


[Site "https://www.chess.com"]

[Event "Titled Tuesday Blitz August 15 Early 2023"]
[White "Camilla_Lee"]
[Black "Melikhov, Evgeny V."]
[BlackFideId "4122046"]
[WhiteElo "2511"]
[BlackElo "2407"]
[Result "1-0"]
[Round "10"]
[TimeControl "180+1"]
[Date "2023.08.15"]
[WhiteClock "0:00:25"]
[BlackClock "0:00:10"]
[Board "86"]

1. e4 e5 2. Nf3 Nc6 3. Nc3 Nf6 4. d4 exd4 5. Nd5 Nb4 6. Bc4 Nbxd5 7. exd5 Be7 8. Qxd4 O-O 9. O-O d6 10. a4 Bg4 11. Qd3 Qd7 12. Nd4 a6 13. a5 Bh5 14. Re1 Rfe8 15. h3 Bg6 16. Qb3 Bf8 17. Rxe8 Rxe8 18. Be3 Qc8 19. Ra4 Ne4 20. Rb4 Nc5 21. Qc3 Be7 22. Ne2 Bf6 23. Qd2 Qf5 24. Bxc5 dxc5 25. Rxb7 Qxc2 26. Qxc2 Bxc2 27. Rxc7 Bxb2 28. Bxa6 Be5 29. Rxc5 Bd1 30. Ng3 g6 31. Rc8 Kf8 32. Ne4 f5 33. Nc5 Rxc8 34. Bxc8 Ke7 35. a6 Bb8 36. Nb7 Be2 37. d6+ Kf6 38. d7 Bc7 39. a7 1-0


[Site "https://www.chess.com"]

[Event "Titled Tuesday Blitz August 15 Early 2023"]
[White "Avazkhonov, Alikhon"]
[Black "Pax-Pramana"]
[WhiteFideId "14208504"]
[WhiteElo "2405"]
[BlackElo "2510"]
[Result "0-1"]
[Round "10"]
[TimeControl "180+1"]
[Date "2023.08.15"]
[WhiteClock "0:00:00"]
[BlackClock "0:00:40"]
[Board "87"]

1. d4 Nf6 2. c4 e6 3. Nc3 Bb4 4. e3 b6 5. Bd2 Bb7 6. Nf3 O-O 7. Bd3 Re8 8. O-O d6 9. a3 Bxc3 10. Bxc3 Ne4 11. Bxe4 Bxe4 12. d5 e5 13. b4 Nd7 14. Nd2 Bg6 15. f4 Bd3 16. Rf3 exf4 17. exf4 Be2 18. Qe1 Bxf3 19. Qg3 f6 20. Nxf3 Qe7 21. Re1 Qf7 22. Nd4 Rxe1+ 23. Qxe1 Re8 24. Ne6 b5 25. cxb5 Nb6 26. f5 Nxd5 27. Bd4 Nf4 28. Bxa7 Nxe6 29. fxe6 Rxe6 30. Qc3 Qe7 31. Bf2 Re2 32. a4 Kf8 33. a5 Ra2 34. h3 Qe2 35. Qf3 Qxb5 36. Kh2 h5 37. Bg3 Qxb4 38. Qxh5 Qd2 39. Qh8+ Kf7 40. Qh5+ Ke7 41. Qf3 Rxa5 42. Qe4+ Kf7 43. Qc4+ Kg6 44. Qxc7 Ra2 45. Qc6 d5 0-1


[Site "https://www.chess.com"]

[Event "Titled Tuesday Blitz August 15 Early 2023"]
[White "Nosacheva, Mariya"]
[Black "Rodchenkov, Sergey D."]
[WhiteFideId "34111422"]
[BlackFideId "4168712"]
[WhiteElo "2388"]
[BlackElo "2510"]
[Result "1-0"]
[Round "10"]
[TimeControl "180+1"]
[Date "2023.08.15"]
[WhiteClock "0:00:30"]
[BlackClock "0:00:15"]
[Board "88"]

1. e4 c5 2. Nf3 d6 3. d4 cxd4 4. Nxd4 Nf6 5. Nc3 a6 6. g3 e5 7. Nb3 Be6 8. a4 Be7 9. Bg2 O-O 10. O-O Nbd7 11. Re1 Rc8 12. Nd2 Qc7 13. Nf1 Bg4 14. f3 Be6 15. Ne3 Rfd8 16. f4 Nb6 17. f5 Bd7 18. a5 Nc4 19. Ned5 Nxd5 20. Nxd5 Qc5+ 21. Kh1 Bf8 22. b3 Nxa5 23. b4 Qxc2 24. Qxc2 Rxc2 25. bxa5 Rdc8 26. Bg5 f6 27. Bxf6 Rd2 28. Bg5 Rd4 29. Nb6 Rc7 30. Bd8 Rc8 31. Nxc8 Bxc8 32. Red1 Rb4 33. Rac1 Bd7 34. Bc7 Bc6 35. Bxd6 Bxd6 36. Rxd6 Kf7 37. Rd8 Rb5 38. Ra1 Kf6 39. h4 Rb2 40. Rd6+ Ke7 41. Re6+ Kf7 42. Rxe5 Rb3 43. Kh2 Rb2 44. Kh3 h5 45. Rc1 g6 46. Rxc6 bxc6 47. Re6 gxf5 48. exf5 Rb5 49. Rxc6 Rxf5 50. Rxa6 Rb5 51. Ra7+ Kf6 52. a6 Ra5 53. Ra8 Kg7 54. a7 Ra3 55. Be4 Ra4 56. Bf3 Ra5 57. Bxh5 Ra4 58. Bf3 Ra3 59. Be4 Ra4 60. Rh8 1-0


[Site "https://www.chess.com"]

[Event "Titled Tuesday Blitz August 15 Early 2023"]
[White "Slovineanu, Viacheslav"]
[Black "Kovalevsky, Stanislav"]
[WhiteFideId "13900510"]
[BlackFideId "13508598"]
[WhiteElo "2377"]
[BlackElo "2504"]
[Result "0-1"]
[Round "10"]
[TimeControl "180+1"]
[Date "2023.08.15"]
[WhiteClock "0:00:00"]
[BlackClock "0:00:15"]
[Board "89"]

1. d4 d5 2. Nf3 Nf6 3. c4 c6 4. e3 Bf5 5. Nc3 e6 6. Nh4 Bg4 7. Qb3 Qc7 8. h3 Bh5 9. g4 Bg6 10. Bd2 Nbd7 11. O-O-O a5 12. Nxg6 hxg6 13. g5 Ne4 14. Nxe4 dxe4 15. Bg2 Rh4 16. Be1 Bb4 17. Qc2 Qd8 18. Bxe4 Bxe1 19. Rdxe1 Qxg5 20. Reg1 Qh6 21. f4 Rxh3 22. Qg2 Rh4 23. Qg3 Rh5 24. Bf3 Nf6 25. Bxh5 Nxh5 26. Qg5 Qxg5 27. Rxg5 Ke7 28. Kd2 b6 29. a4 Nf6 30. Kd3 Rd8 31. e4 Nd7 32. Ke3 c5 33. d5 exd5 34. cxd5 Nf6 35. Kd3 Kd7 36. b3 Re8 37. Re5 Rxe5 38. fxe5 Ng4 39. Ke2 Nxe5 40. Rh7 c4 41. bxc4 Nxc4 42. Rxg7 Ke7 43. Rh7 Nb2 44. e5 Nxa4 45. e6 Nc5 46. Rxf7+ Kd6 47. e7 Kd7 48. d6 Ne4 0-1


[Site "https://www.chess.com"]